 Dungeon Crawl Stone Soup version 0.19.1-1-g22dce08 (webtiles) character file.

113 Kjetter the Sneak (level 5, -1/31 HPs)
             Began as a Kobold Assassin on Jan 18, 2017.
             Slain by fatfloppyjuicyveiny's ghost (12 damage)
             ... on level 3 of the Dungeon.
             The game lasted 00:12:16 (2358 turns).

Kjetter the Sneak (Kobold Assassin)                 Turns: 2358, Time: 00:12:17

Health: -1/31      AC:  3    Str:  8    XL:     5   Next: 17%
Magic:  5/5        EV: 19    Int: 12    God:
Gold:   209        SH:  0    Dex: 18    Spells: 0 memorised, 4 levels left

rFire  . . .     SeeInvis +     a - +2 dagger
rCold  . . .     Gourm    .     c - +0 robe
rNeg   . . .     Faith    .     (shield restricted)
rPois  .         Spirit   .     (no helmet)
rElec  .         Reflect  .     d - +0 cloak
rCorr  .         Harm     .     (no gloves)
MR     .....                    (no boots)
Stlth  ++++......               (no amulet)
                                n - ring of see invisible
                                j - +4 ring of evasion

@: no status effects
A: carnivore 3
a: no special abilities


You were on level 3 of the Dungeon.
You were full.

You visited 1 branch of the dungeon, and saw 3 of its levels.

You collected 209 gold pieces.

Inventory:

Hand Weapons
 a - a +2 dagger (weapon)
 b - a +0 blowgun
Missiles
 e - 20 poisoned needles
 f - 2 curare-tipped needles
 h - 80 stones (quivered)
Armour
 c - a +0 robe (worn)
 d - a +0 cloak (worn)
Jewellery
 j - a +4 ring of evasion (left hand)
 n - a ring of see invisible (right hand)
Scrolls
 i - a scroll of teleportation {unknown}
 m - 3 scrolls of identify
 t - 2 scrolls of recharging {unknown}
Potions
 l - a potion of curing
 o - a potion of might
 p - a potion of invisibility
Comestibles
 g - 5 meat rations
 k - a beef jerky


   Skills:
 + Level 2.6 Fighting
 + Level 3.9 Short Blades
 + Level 2.9 Throwing
 + Level 2.1 Dodging
 * Level 6.7 Stealth


You had 4 spell levels left.
You didn't know any spells.

Dungeon Overview and Level Annotations

Branches:
Dungeon (3/15)

Altars:
Makhleb
Qazlal

Annotations:
D:3 fatfloppyjuicyveiny's ghost, amateur KoHu


Innate Abilities, Weirdness & Mutations

You are small and have problems with some larger weapons.
You are carnivorous and can eat meat at any time.


Message History

You closely miss fatfloppyjuicyveiny's ghost.
Fatfloppyjuicyveiny's ghost is moderately damaged.
You hit fatfloppyjuicyveiny's ghost but do no damage.
Fatfloppyjuicyveiny's ghost is moderately damaged.
Fatfloppyjuicyveiny's ghost hits you.
You miss fatfloppyjuicyveiny's ghost.
Fatfloppyjuicyveiny's ghost is moderately damaged.
Fatfloppyjuicyveiny's ghost hits you!
Okay, then.
Okay, then.
As you read the scroll labeled OWUEFIBE DOAR, it crumbles to dust.
It is a scroll of amnesia.
You feel forgetful for a moment.
Fatfloppyjuicyveiny's ghost whispers, "There is no future for you."
Fatfloppyjuicyveiny's ghost misses you.
As you read the scroll labeled RUUXEDD FAOT, it crumbles to dust.
You assume a fearsome visage.
Fatfloppyjuicyveiny's ghost is unaffected.
It was a scroll of fear.
Fatfloppyjuicyveiny's ghost hits you!
You die...

#.....# ####### ##≈...§
#.....# ###.....##.#.....
#..<..###............._..
#..................#...
#....)#............# .
#.....##...........###.#
#########...............
## #####...............
..#####%........@.........
.....#..........W.........
.......#.........(!.......
......#######.............
...........!..............
.....#.##...............(.
.............#..#.##......
................#.# #.....
..###........#..#.###....


You could see fatfloppyjuicyveiny's ghost.

Vanquished Creatures
  5 adders
  A gnoll (D:1)
  2 worms (D:2)
  2 dart slugs
  2 ball pythons
  2 giant cockroaches (D:1)
  5 goblins
  4 hobgoblins
  2 jackals (D:2)
  A quokka (D:3)
  8 bats
  5 frilled lizards
  9 kobolds
  6 rats
54 creatures vanquished.

Notes
Turn   | Place    | Note
-------+----------+-------------------------------------------
     0 | D:1      | Kjetter the Kobold Assassin began the quest for the Orb.
     0 | D:1      | Reached XP level 1. HP: 12/12 MP: 1/1
   145 | D:1      | Reached XP level 2. HP: 17/17 MP: 2/2
   403 | D:1      | Reached XP level 3. HP: 22/22 MP: 3/3
   736 | D:1      | Reached skill level 6 in Stealth
   957 | D:2      | Found a burning altar of Makhleb.
  1421 | D:2      | Reached XP level 4. HP: 27/27 MP: 4/4
  1824 | D:3      | Found a stormy altar of Qazlal.
  1881 | D:3      | Reached XP level 5. HP: 11/31 MP: 5/5
  2124 | D:3      | Noticed fatfloppyjuicyveiny's ghost (amateur KoHu)
  2358 | D:3      | Slain by fatfloppyjuicyveiny's ghost

Skill      XL: |  1  2  3  4 |
---------------+-------------+-----
Short Blades   | 3 |  3.9
Stealth        | 6 |  6.7
Dodging        | 2 |  2.1
Fighting       | |  2.6
Throwing       | |  2.9

Action                   |  1- 3 |  4- 6 || total
-------------------------+-------+-------++-------
Melee: Dagger            |    94 |    79 ||   173
 Fire: Blowgun           |       |     9 ||     9
Throw: Stone             |    29 |    23 ||    52
  Use: Scroll            |       |     6 ||     6
 Stab: Sleeping          |    13 |     4 ||    17
  Eat: Chunk             |    10 |       ||    10
Armor: Robe              |    13 |     5 ||    18
Dodge: Dodged            |    60 |    56 ||   116
